Map: Deathaura LE

Players

rottenorange

  • Race: Zerg Zerg
  • League: Bronze
  • Spawn Location: 5:00

itsDani - Winner!

  • Race: Protoss Protoss
  • League: Platinum
  • Spawn Location: 11:00

VOD

Have the link to the VOD?

Description

Time

  • Played on: Oct. 8, 2020, 4:52 p.m.
  • Length: 10:43
Show
View Real Time Build Order
Export as new Build Order

rottenorange Zerg 

Build Orders: Hatch First 

Get SALT Encoding   

  12  0:00  Drone  
  13  0:15  Overlord  
  13  0:19  Drone  
  14  0:45  Hatchery  
  14  0:46  Drone  
  14  0:49  Drone  
  15  0:54  Drone  
  16  0:58  Drone  
  17  1:16  Extractor  
  16  1:22  Spawning Pool  
  16  1:24  Drone x2  
  17  1:34  Drone  
  18  1:41  Drone  
  19  1:54  Drone  
  19  1:59  Overlord  
  20  2:04  Drone  
  21  2:14  Queen  
  21  2:15  Queen  
  25  2:18  Drone  
  25  2:21  Zergling x4  
  28  2:30  Drone x2  
  30  2:50  Queen  
  32  3:04  Hatchery  
  31  3:08  Drone x5  
  31  3:10  Overlord  
  36  3:19  Overlord  
  36  3:20  Overlord  
  36  3:31  Queen  
  38  3:38  Lair  
  38  3:43  Roach Warren  
  37  3:53  Drone  
  37  3:54  Drone x2  
  40  3:58  Spore Crawler  
  39  4:07  Zergling x2  
  39  4:08  Zergling x8  
  44  4:18  Extractor  
  44  4:21  Spore Crawler  
  44  4:23  Queen  
  45  4:24  Drone  
  45  4:39  Roach  
  45  4:40  Roach x3  
  45  4:43  Drone x2  
  45  4:44  Drone x8  
  63  4:51  Queen  
  65  5:13  Overlord x2  
  65  5:27  Overlord x2  
  65  5:28  Overlord x2  
  65  5:31  Drone, Queen  
  65  5:32  Drone x2  
  70  5:36  Spine Crawler  
  67  5:46  Metabolic Boost  
  65  5:52  Glial Reconstitution  
  60  6:19  Overseer  
  60  6:31  Extractor  
  60  6:32  Drone x6  
  65  6:33  Drone x5  
  65  6:34  Extractor  
  65  6:35  Roach  
  65  6:36  Roach x2  
  65  6:39  Drone  
  76  6:41  Zergling x6  
  76  6:42  Zergling x24  
  76  6:43  Zergling x4  
  93  6:57  Evolution Chamber  
  93  6:59  Evolution Chamber  
  91  7:15  Drone x3  
  93  7:16  Drone x4  
  98  7:28  Drone x3, Extractor x2  
  99  7:34  Spine Crawler  
  99  7:35  Roach x7  
  112  7:38  Overlord x3  
  112  7:40  Overseer x3  
  112  7:43  Pneumatized Carapace  
  112  7:50  Hydralisk Den  
  111  8:07  Zerg Ground Armor Level 1, Zerg Missile Weapons Level 1  
  111  8:09  Roach  
  111  8:10  Roach x3  
  79  8:44  Roach, Hydralisk  
  79  8:45  Roach x10, Hydralisk x5  
  91  8:58  Hydralisk x4  
  99  9:05  Overlord  
  99  9:09  Overlord x2  
  70  9:29  Roach  
  70  9:30  Roach x5  
  70  9:31  Roach  
  63  9:41  Hydralisk  
  63  9:42  Hydralisk x2  
  73  9:48  Overseer  
  71  10:00  Hydralisk  
  71  10:01  Hydralisk x3  
  77  10:16  Roach x2  
  77  10:17  Roach x2  
Show
View Real Time Build Order
Export as new Build Order

itsDani Protoss - Winner!

Build Orders: 1 Gate Expand 

Get SALT Encoding   

  12  0:00  Probe  
  13  0:20  Pylon  
  13  0:28  Probe (Chrono Boost)  
  14  0:38  Probe (Chrono Boost)  
  15  0:42  Probe (Chrono Boost)  
  15  0:49  Gateway  
  16  0:54  Probe  
  16  0:56  Assimilator  
  17  1:06  Probe  
  18  1:22  Probe (Chrono Boost)  
  19  1:34  Probe (Chrono Boost)  
  19  1:38  Nexus  
  20  1:40  Probe (Chrono Boost)  
  20  1:46  Cybernetics Core  
  21  1:52  Probe  
  22  1:57  Pylon  
  22  2:04  Probe  
  23  2:10  Pylon  
  23  2:23  Warp Gate  
  23  2:28  Stalker, Probe  
  26  2:31  Pylon  
  26  2:35  Assimilator  
  26  2:40  Probe  
  27  2:53  Probe (Chrono Boost)  
  27  2:56  Probe (Chrono Boost)  
  29  3:04  Probe (Chrono Boost)  
  29  3:05  Probe (Chrono Boost)  
  31  3:09  Probe (Chrono Boost)  
  31  3:12  Adept  
  34  3:17  Probe  
  34  3:19  Probe  
  36  3:23  Twilight Council  
  36  3:29  Probe  
  36  3:31  Probe (Chrono Boost)  
  38  3:35  Shield Battery  
  38  3:40  Assimilator  
  39  3:41  Probe (Chrono Boost)  
  39  3:42  Assimilator  
  40  3:49  Gateway, Probe (Chrono Boost)  
  40  3:51  Gateway, Probe (Chrono Boost)  
  40  3:55  Gateway  
  42  3:56  Probe x2 (Chrono Boost)  
  43  4:07  Probe  
  44  4:13  Probe  
  45  4:19  Probe  
  45  4:20  Charge  
  46  4:25  Dark Shrine, Probe  
  47  4:31  Probe  
  48  4:41  Pylon  
  48  4:51  Pylon  
  48  4:54  Probe (Chrono Boost)  
  48  4:59  Probe (Chrono Boost)  
  50  5:04  Gateway, Probe (Chrono Boost)  
  52  5:07  Gateway  
  52  5:08  Probe (Chrono Boost)  
  52  5:09  Probe (Chrono Boost)  
  53  5:22  Zealot x2  
  53  5:23  Zealot x2  
  61  5:32  Probe x2  
  63  5:44  Probe  
  64  5:53  Dark Templar x2  
  64  5:54  Dark Templar  
  64  5:55  Dark Templar  
  68  6:02  Pylon  
  64  6:07  Pylon  
  64  6:09  Dark Templar  
  64  6:10  Dark Templar, Pylon  
  68  6:19  Forge  
  68  6:21  Forge  
  68  6:24  Pylon  
  68  6:34  Nexus  
  68  6:36  Pylon  
  68  6:37  Dark Templar x4  
  76  6:48  Gateway  
  76  6:49  Gateway  
  76  6:50  Gateway  
  76  6:55  Gateway  
  76  6:56  Protoss Ground Weapons Level 1 (Chrono Boost)  
  76  6:57  Protoss Shields Level 1 (Chrono Boost)  
  76  7:05  Dark Templar x2  
  80  7:14  Adept  
  80  7:15  Adept  
  84  7:18  Dark Templar  
  84  7:19  Dark Templar  
  88  7:27  Probe (Chrono Boost)  
  90  7:32  Probe (Chrono Boost)  
  91  7:38  Probe (Chrono Boost)  
  91  7:41  Probe (Chrono Boost), Pylon  
  91  7:42  Zealot x5  
  91  7:43  Zealot  
  104  7:45  Assimilator, Pylon  
  104  7:46  Assimilator  
  104  7:51  Probe  
  104  7:53  Zealot x2  
  104  7:54  Zealot x2  
  99  8:27  Zealot x3  
  99  8:28  Zealot x4  
  99  8:29  Zealot x3  
  99  8:33  Archon x5  
  81  8:53  Zealot x4  
  81  8:54  Zealot x6  
  97  9:04  Probe x2  
  97  9:05  Probe  
  100  9:16  Probe  
  100  9:17  Probe x2  
  99  9:29  Probe  
  94  9:32  Zealot x4  
  94  9:33  Zealot x2  
  94  9:34  Dark Templar x2  
  94  9:35  Dark Templar x2  
  114  9:47  Archon  
  114  9:48  Archon  
  114  10:00  Dark Templar x2  
  114  10:01  Dark Templar x3  
  114  10:02  Dark Templar  
  126  10:10  Gateway  
  126  10:12  Gateway  
  126  10:14  Gateway  
  126  10:15  Gateway  
  126  10:17  Gateway  
  126  10:25  Archon x2  
  126  10:26  Archon  
  126  10:28  Zealot x4  
  120  10:41  Zealot x4  
  120  10:42  Zealot  
Tags
 
Add a new tag
Caveats
  • Supply blocks, unpowered buildings, or Contaminate may cause inaccurate times.
  • Supply counts are checked every 10 seconds.